 Dungeon Crawl Stone Soup version 0.28-a0-697-g47f3eba078 (webtiles) character file.

Game seed: 9935732734948408006

2698 Atlas the Magician (level 9, -4/68 HPs)
             Began as a Demigod Earth Elementalist on Oct 24, 2021.
             Slain by a yak (6 damage)
             ... on level 6 of the Dungeon.
             The game lasted 00:12:09 (6555 turns).

Atlas the Magician (Demigod Earth Elementalist)     Turns: 6555, Time: 00:12:10

Health: -4/68      AC:  8    Str:  7 (9)  XL:     9   Next: 16%
Magic:  21/21      EV: 10    Int: 27 (29) God:
Gold:   308        SH:  0    Dex: 11 (14) Spells: 14/20 levels left

rFire   + . .      SeeInvis .   z - +3 spear (freeze)
rCold   + . .      Faith    .   (no shield)
rNeg    . . .      Spirit   .   q - +0 ring mail {rC+}
rPois   .          Reflect  .   h - +0 helmet
rElec   .          Harm     .   (no cloak)
rCorr   .          Rampage  .   k - +0 pair of gloves
Will    +....                   t - +0 pair of boots
Stlth   +.........              (no amulet)
HPRegen 0.21/turn               y - ring of willpower
MPRegen 0.17/turn               c - ring of protection from fire

@: no status effects
A: high mp 1, forlorn
a: no special abilities


You were on level 6 of the Dungeon.
You visited 1 branch of the dungeon, and saw 6 of its levels.
You also visited: Sewer.

You collected 308 gold pieces.

Inventory:

Hand Weapons
 z - a +3 spear of freezing (weapon)
 B - the +4 short sword of Pama {drain, MP+9 Str+9 Int-4 Stlth+}
   (You found it on level 6 of the Dungeon)

   A truly terrible weapon, it drains the life of any living foe it strikes.
   Str:       It affects your strength (+9).
   Int:       It affects your intelligence (-4).
   MP:        It affects your magic capacity (+9).
   Stlth:     It makes you more stealthy.
Missiles
 o - 98 stones
Armour
 b - a +0 robe
 h - a +0 helmet (worn)
 k - a +0 pair of gloves (worn)
 q - a +0 ring mail of cold resistance (worn)
 t - a +0 pair of boots (worn)
Jewellery
 c - a ring of protection from fire (right hand)
 y - a ring of willpower (left hand)
Scrolls
 e - 5 scrolls of identify {unknown}
 f - 2 scrolls of noise {unknown}
 g - 2 scrolls of vulnerability {unknown}
 j - 3 scrolls of fear {unknown}
 m - 2 scrolls of teleportation {unknown}
 s - 4 scrolls of magic mapping {unknown}
 u - a scroll of enchant weapon {unknown}
Potions
 a - a potion of attraction
 d - a potion of brilliance {unknown}
 i - a potion of ambrosia {unknown}
 l - a potion of lignification
 n - a potion of flight
 p - a potion of degeneration
 w - a potion of haste {unknown}


   Skills:
 + Level 2.3 Fighting
 + Level 1.4(2.1) Short Blades
 + Level 2.3(2.5) Long Blades
 + Level 1.4(2.5) Axes
 + Level 1.7(2.3) Maces & Flails
 + Level 2.4(2.9) Polearms
 + Level 1.4(2.5) Staves
 + Level 1.4(1.8) Slings
 + Level 1.4 Bows
 + Level 1.4 Crossbows
 + Level 1.4(1.8) Throwing
 + Level 2.0 Armour
 + Level 3.7 Dodging
 - Level 2.0 Stealth
 + Level 2.3 Shields
 + Level 1.4 Unarmed Combat
 + Level 6.0 Spellcasting
 + Level 3.6 Conjurations
 + Level 1.4 Hexes
 + Level 2.1 Summonings
 + Level 1.4 Necromancy
 + Level 1.4 Translocations
 + Level 1.9 Transmutations
 + Level 1.4 Fire Magic
 + Level 2.7 Ice Magic
 + Level 1.4 Air Magic
 + Level 5.9 Earth Magic
 + Level 1.4 Poison Magic
 + Level 1.4 Evocations


You had 14 spell levels left.
You knew the following spells:

 Your Spells              Type           Power      Damage    Failure   Level
a - Stone Arrow           Conj/Erth      68%        3d11      9%          3
b - Passwall              Tmut/Erth      24%        N/A       6%          2
c - Sandblast             Erth           80%        2d17      1%          1

Your spell library contained the following spells:

 Spells                   Type           Power      Damage    Failure   Level
 Magic Dart               Conj           100%       1d8       4%          1
 Foxfire                  Conj/Fire      88%        2x1d8     8%          1
 Summon Small Mammal      Summ           80%        N/A       9%          1
 Call Imp                 Summ           20%        N/A       13%         2
 Sublimation of Blood     Necr           8%         N/A       19%         2
 Conjure Flame            Conj/Fire      22%        6-21      22%         3
 Call Canine Familiar     Summ           20%        N/A       26%         3
 Mephitic Cloud           Conj/Pois/Air  20%        N/A       26%         3
 Summon Guardian Golem    Hex/Summ       18%        N/A       30%         3
 Inner Flame              Hex/Fire       16%        N/A       34%         3
 Petrify                  Tmut/Erth      29%        N/A       38%         4
 Flame Wave               Conj/Fire      22%        3d6       58%         4
 Irradiate                Conj/Tmut      11%        3d17      88%         5
 Orb of Destruction       Conj           14%        9d7       100%        7
 Spellforged Servitor     Conj/Summ      12%        N/A       100%        7


Dungeon Overview and Level Annotations

Branches:
Dungeon (6/15)             Temple (0/1) D:4           Sewer (visited)

Shops:
D:1 [


Innate Abilities, Weirdness & Mutations

Your attributes grow dramatically as you level up.
You have an increased reservoir of magic. (+10% MP)
You shall have no god before yourself.


Message History

Unknown command.
It was a potion of curing.
You feel better. The gnoll hits you but does no damage.
The adder barely misses you.
The scorpion stings you but does no damage.
The yak gores you but does no damage.
The black bear bites you but does no damage.
The black bear claws you but does no damage. x2
The gnoll hits you from afar with a +0 spear.
* * * LOW HITPOINT WARNING * * *
The adder bites you but does no damage. The yak gores you!
* * * LOW HITPOINT WARNING * * *
The scorpion stings you but does no damage.
Unknown command.
Unknown command.
It was a potion of cancellation.
Your magical effects are unravelling.
You feel magically purged.
You feel less wooden.
Your +0 helmet unmelds from your body.
Your +0 pair of gloves unmelds from your body.
Your +0 pair of boots unmelds from your body.
Your +0 ring mail of cold resistance unmelds from your body.
You feel resistant to cold. The yak misses you. The gnoll closely misses you.
The black bear barely misses you.
The black bear claws you but does no damage. x2
The adder bites you but does no damage. The scorpion completely misses you.
The yak gores you.
* * * LOW HITPOINT WARNING * * *
You feel less attractive to monsters.
Unknown command.
Unknown command.
Unknown command.
Unknown command.
Unknown command.
Unknown command.
Unknown command.
As you read the scroll labelled ZASONI HEXUJO, it crumbles to dust.
The scroll dissolves into smoke.
It was a scroll of fog.
The gnoll hits you but does no damage. The yak gores you.
You die...

......# ##..###
#g....# ......#
##....####.....#
.#.(..#
#......##......#
##...##
##.......#....###
######
#........#...##
#............#
#......Y.g...##
#.....sSh........
#.....§@Yg....[.#
......§§Y.....###
............###
.##.........#
##.......##
##......#
##.....# #......


You could see 3 yaks, a black bear, a gnoll shaman, a scorpion, a gnoll (fast)
and an adder.

Vanquished Creatures
  Purgy (Sewer)
  A black bear (D:4)
  The ghost of Atlas the Digger, an amateur DgEE (D:4)
  A centaur (D:5)
  2 bullfrogs
  A scorpion (D:3)
  A gnoll sergeant (D:5)
  A crimson imp (D:4)
  A centaur zombie (D:4)
  An orc priest (D:5)
  A centaur skeleton (D:6)
  Natasha (thrice) (D:3)
  2 bullfrog skeletons
  2 iguanas
  An orc wizard (D:5)
  A killer bee zombie (D:4)
  17 gnolls
  14 adders
  A white imp (D:4)
  An adder skeleton (D:4)
  4 worms
  3 dart slugs
  12 orcs
  5 ball pythons
  8 endoplasms
  2 giant cockroaches
  9 goblins
  4 hobgoblins
  11 kobolds
  3 quokkas
  6 bats
  4 frilled lizards
  9 rats
134 creatures vanquished.

Notes
Turn   | Place    | Note
-------+----------+-------------------------------------------
     0 | D:1      | Atlas the Demigod Earth Elementalist began the quest for
                  | the Orb.
     0 | D:1      | Reached XP level 1. HP: 14/14 MP: 5/5
    64 | D:1      | Reached skill level 2 in Spellcasting
   216 | D:1      | Reached XP level 2. HP: 20/20 MP: 3/7
   622 | D:1      | Found Buwun's Armour Shoppe.
   798 | D:2      | Reached XP level 3. HP: 26/26 MP: 5/9
  1011 | D:2      | Reached skill level 3 in Spellcasting
  1023 | D:2      | Reached XP level 4. HP: 33/33 MP: 5/11
  1178 | D:1      | Learned a level 2 spell: Passwall
  1182 | D:1      | Learned a level 3 spell: Stone Arrow
  1940 | D:2      | Reached XP level 5. HP: 38/38 MP: 2/13
  2337 | D:3      | Reached skill level 1 in Conjurations
  2430 | D:3      | Noticed a water elemental
  2430 | D:3      | Noticed a fire elemental
  2431 | D:3      | Noticed an air elemental
  2534 | D:3      | Noticed Natasha
  2542 | D:3      | Killed Natasha
  2587 | D:3      | Reached skill level 1 in Polearms
  2655 | D:3      | Reached skill level 4 in Spellcasting
  2657 | D:3      | Noticed Natasha
  2762 | D:3      | Killed Natasha
  2763 | D:3      | Reached XP level 6. HP: 36/45 MP: 5/15
  2912 | D:3      | Noticed Natasha
  2914 | D:3      | Killed Natasha
  3514 | D:4      | Found a glowing drain.
  3525 | Sewer    | Entered a sewer
  3783 | Sewer    | Noticed Purgy
  3785 | Sewer    | Killed Purgy
  3940 | D:4      | Reached XP level 7. HP: 46/51 MP: 2/17
  4111 | D:4      | Reached skill level 1 in Fighting
  4542 | D:4      | Noticed Atlas's ghost (amateur DgEE)
  4543 | D:4      | Found a runed translucent gate.
  4543 | D:4      | Found a runed translucent gate.
  4545 | D:4      | Found a runed translucent gate.
  4928 | D:4      | Killed Atlas's ghost
  4929 | D:4      | Reached skill level 5 in Spellcasting
  4929 | D:4      | Reached skill level 5 in Earth Magic
  5236 | D:4      | Found a staircase to the Ecumenical Temple.
  5267 | D:5      | Entered Level 5 of the Dungeon
  5938 | D:5      | Reached XP level 8. HP: 59/59 MP: 12/19
  6295 | D:6      | Reached skill level 1 in Armour
  6531 | D:6      | Identified the +4 short sword of Pama {drain, MP+9 Str+9
                  | Int-4 Stlth+}
  6552 | D:6      | Reached skill level 1 in Short Blades
  6552 | D:6      | Reached skill level 1 in Axes
  6552 | D:6      | Reached skill level 1 in Maces & Flails
  6552 | D:6      | Reached skill level 1 in Staves
  6552 | D:6      | Reached skill level 1 in Slings
  6552 | D:6      | Reached skill level 1 in Bows
  6552 | D:6      | Reached skill level 1 in Crossbows
  6552 | D:6      | Reached skill level 1 in Throwing
  6552 | D:6      | Reached skill level 1 in Unarmed Combat
  6552 | D:6      | Reached skill level 6 in Spellcasting
  6552 | D:6      | Reached skill level 1 in Hexes
  6552 | D:6      | Reached skill level 1 in Necromancy
  6552 | D:6      | Reached skill level 1 in Translocations
  6552 | D:6      | Reached skill level 1 in Transmutations
  6552 | D:6      | Reached skill level 1 in Fire Magic
  6552 | D:6      | Reached skill level 1 in Air Magic
  6552 | D:6      | Reached skill level 1 in Poison Magic
  6552 | D:6      | Reached skill level 1 in Evocations
  6552 | D:6      | Reached XP level 9. HP: 9/68 MP: 21/21
  6553 | D:6      | HP: 3/102 [yak (8)]
  6554 | D:6      | HP: 1/68 [yak (1)]
  6555 | D:6      | Slain by a yak

Illustrated notes

Levels and vault maps discovered:
D:1:      scummos_arrival_hexagon, layout_rooms, basic_ecumenical_altar,
          serial_shops, shop, minmay_tetromino_o2
D:2:      layout_rooms, minmay_stone_trees_medium, minmay_tiny_reverse_x
D:3:      layout_loops_ring, mainiacjoe_overflow_brackets, lemuel_tele_altar,
          mainiacjoe_overflow_six_doors_small, nicolae_qazlal_style_of_elements,
          uniq_natasha
D:4:      layout_basic, mainiacjoe_overflow_boulevard,
          minmay_temple_entry_fiery, ebering_ghost_rock_garden,
          lightli_sewer_entry_pipes, eino_curves_01, minmay_fire_ice_demons
D:5:      layout_basic, feat_on_display
D:6:      layout_cave_pods, kennysheep_little_box, enter_ossuary_4,
          serial_column_ruins, column_ruins_hut_ruined,
          column_ruins_temple_circle, column_ruins_corridor_straight,
          column_ruins_columns_T, column_ruins_corridor_straight,
          minmay_unpleasant_kobolds

Skill      XL: |  1  2  3  4  5  6  7  8 |
---------------+-------------------------+-----
Spellcasting   | 2 3 4 5 6 |  6.0
Earth Magic    | 3 4 5 |  5.9
Stealth        | 2 |  2.0
Conjurations   | 1 3 |  3.6
Polearms       | 1 2 |  2.4
Dodging        | 2 3 |  3.7
Fighting       | 1 2 |  2.3
Armour         | 2 |  2.0
Short Blades   | 1 |  1.4
Long Blades    | 2 |  2.3
Axes           | 1 |  1.4
Maces & Flails | 1 |  1.7
Staves         | 1 |  1.4
Slings         | 1 |  1.4
Bows           | 1 |  1.4
Crossbows      | 1 |  1.4
Throwing       | 1 |  1.4
Shields        | 2 |  2.3
Unarmed Combat | 1 |  1.4
Hexes          | 1 |  1.4
Summonings     | 2 |  2.1
Necromancy     | 1 |  1.4
Translocations | 1 |  1.4
Transmutations | 1 |  1.9
Fire Magic     | 1 |  1.4
Ice Magic      | 2 |  2.7
Air Magic      | 1 |  1.4
Poison Magic   | 1 |  1.4
Evocations     | 1 |  1.4

Action                   |  1- 3 |  4- 6 |  7- 9 || total
-------------------------+-------+-------+-------++-------
Melee: Flail             |       |    11 |       ||    11
       Spear             |       |    40 |    13 ||    53
       Club              |       |     6 |       ||     6
 Cast: Sandblast         |    49 |    24 |    14 ||    87
       Stone Arrow       |       |    54 |    53 ||   107
       Passwall          |       |       |     1 ||     1
  Use: Potion            |       |       |     7 ||     7
       Scroll            |       |       |     1 ||     1
 Stab: Sleeping          |       |     5 |       ||     5
Armor: Robe              |     8 |    23 |     5 ||    36
       Ring mail         |       |     1 |    37 ||    38
       Skin              |       |       |    30 ||    30
Dodge: Dodged            |    12 |    63 |    39 ||   114

Table legend: (Time is in decaauts)
 A = Elapsed time spent in this place.
 B = Non-inter-level travel time spent in this place.
 C = Inter-level travel time spent in this place.
 D = Time resting spent in this place.
 E = Time spent auto-exploring this place.
 F = Levels seen in this place.
 G = Mean time per level.
                   A        B        C        D        E       F      G
               +--------+--------+--------+--------+--------+-----+--------+
         Total |   6613 |   6453 |    160 |    554 |   4656 |   7 |  944.7 |
       Dungeon |   6259 |   6099 |    160 |    455 |   4435 |   6 | 1043.2 |
         Sewer |    354 |    354 |      0 |     99 |    221 |   1 |  354.0 |
               +--------+--------+--------+--------+--------+-----+--------+

Top non-repeatable levels by time:
     D:4: 1705 daAuts
     D:1: 1212 daAuts
     D:3: 1040 daAuts
     D:2: 1014 daAuts
     D:5: 865 daAuts
     D:6: 420 daAuts
   Sewer: 354 daAuts
